 Dungeon Crawl Stone Soup version 0.23-a0-642-g3120c2f (webtiles) character file.

84 mhoghedin the Skirmisher (level 4, 0/29 HPs)
             Began as a Kobold Berserker on Dec 30, 2018.
             Was a Believer of Trog.
             Shot with a stone by a goblin (4 damage)
             ... on level 3 of the Dungeon.
             The game lasted 00:04:00 (3234 turns).

mhoghedin the Skirmisher (Kobold Berserker)         Turns: 3234, Time: 00:04:00

Health: 0/29       AC:  0    Str: 15    XL:     4   Next: 74%
Magic:  4/4        EV: 16    Int:  8    God:    Trog [**....]
Gold:   120        SH:  0    Dex: 14    Spells: 3/3 levels left

rFire    . . .     SeeInvis .   i - -3 dagger (curse)
rCold    . . .     Gourm    .   (shield restricted)
rNeg     . . .     Faith    .   b - +0 animal skin
rPois    .         Spirit   .   (no helmet)
rElec    .         Reflect  .   (no cloak)
rCorr    .         Harm     .   (no gloves)
MR       .....                  (no boots)
Stlth    ++........             (no amulet)
HPRegen  0.09/turn              f - -3 ring of protection (curse)
MPRegen  0.09/turn              g - ring of stealth {Stlth+}

@: no status effects
A: small, carnivore
a: Berserk, Trog's Hand, Renounce Religion


You were on level 3 of the Dungeon.
You worshipped Trog.
Trog was pleased with you.
You were not hungry.

You visited 1 branch of the dungeon, and saw 3 of its levels.

You collected 120 gold pieces.

Inventory:

Hand Weapons
 a - a +1 mace
 i - a cursed -3 dagger (weapon)
   (You found it on level 2 of the Dungeon)
Armour
 b - a +0 animal skin (worn)
Jewellery
 f - a cursed -3 ring of protection (left hand)
   (You found it on level 1 of the Dungeon)
 g - a ring of stealth (right hand) {Stlth+}
   (You found it on level 2 of the Dungeon)
Scrolls
 d - a scroll of fear
 e - 3 scrolls of identify
 k - a scroll of teleportation
Potions
 h - a potion of lignification {unknown}
 j - a potion of mutation {unknown}
Comestibles
 c - 4 rations


   Skills:
 + Level 4.0 Fighting
 + Level 3.3 Maces & Flails
 + Level 2.2 Armour
 + Level 3.4 Dodging


You had 3 spell levels left.
You didn't know any spells.
Your spell library was empty.

Dungeon Overview and Level Annotations

Branches:
Dungeon (3/15)

Altars:
Yredelemnul


Innate Abilities, Weirdness & Mutations

You are small and have problems with some larger weapons.
You are carnivorous and can eat meat at any time.


Message History

The ball python grabs you. The ball python constricts you.
You take 2 damage, and have 33/43 hp.
You puncture the ball python!
You kill the ball python!
Trog accepts your kill.
You puncture the rat!
You kill the rat!
Trog accepts your kill.
The kobold throws a stone.
The stone misses you. The kobold closely misses you.
Things that are here:
a scroll of teleportation; a ball python corpse You hit the kobold.
You kill the kobold!
Trog accepts your kill. The worm bites you!
You see here 4 stones.
You take 6 damage, and have 27/43 hp.
You feel a strong urge to attack something.
You hit the worm. You puncture the worm! The worm closely misses you.
You barely miss the worm.
A jackal comes into view.
The jackal barks!
You hit the worm. The worm bites you.
You take 3 damage, and have 24/43 hp.
You puncture the worm!
You kill the worm!
Trog accepts your kill.
You feel a strong urge to attack something.
You are no longer berserk.
You are exhausted.
You feel yourself slow down.
Things that are here:
a scroll of teleportation; a ball python corpse You now have 16/29 hp.
The jackal barely misses you. The jackal bites you.
The jackal closely misses you.
You take 3 damage, and have 14/29 hp.
You hit the jackal. The jackal barely misses you. The jackal bites you.
You take 1 damage, and have 13/29 hp.
You hit the jackal. The jackal barely misses you. The jackal bites you.
You take 3 damage, and have 10/29 hp.
You hit the jackal. The jackal barely misses you. The jackal bites you.
You take 1 damage, and have 9/29 hp.
You closely miss the jackal. The jackal barely misses you.
The jackal misses you.
You hit the jackal but do no damage. The jackal barely misses you.
The jackal bites you.
* * * LOW HITPOINT WARNING * * *
You barely miss the jackal. The jackal completely misses you. x2
The jackal bites you.
* * * LOW HITPOINT WARNING * * *
You hit the jackal but do no damage. The jackal misses you.
The jackal closely misses you.
You take 4 damage, and have 5/29 hp.
You closely miss the jackal. The jackal misses you.
The jackal closely misses you.
You hit the jackal but do no damage. The jackal barely misses you.
The jackal misses you.
You barely miss the jackal. The jackal completely misses you.
The jackal misses you.
You hit the jackal.
You kill the jackal!
Trog accepts your kill.
Your Fighting skill increases to level 4!
k - a scroll of teleportation
Things that are here:
a jackal corpse; a ball python corpse You start resting.
You feel yourself speed up.
You start resting.
You recover from your berserk rage.
Unknown command.
You start resting.
A goblin comes into view.
You regained 4 hp, and now have 12/29 hp.
You see here 4 stones.
The goblin shouts!
The goblin wields a +0 hunting sling.
The goblin shoots a stone.
The stone completely misses you.
You see here a stone.
The goblin shoots a stone.
The stone barely misses you.
You see here a stone.
The goblin shoots a stone.
The stone barely misses you.
You see here a stone.
The goblin shoots a stone.
The stone hits you.
You see here a stone.
You take 3 damage, and have 10/29 hp.
The goblin shoots a stone.
The stone hits you!
* * * LOW HITPOINT WARNING * * *
You see here a stone.
You take 7 damage, and have 3/29 hp.
MASSIVE DAMAGE!!
The goblin shoots a stone.
The stone barely misses you.
You see here a stone.
The goblin shoots a stone.
The stone barely misses you.
The goblin shoots a stone.
The stone hits you.
You die...

#. #. #.## #..###
.... ####.#
##.######....########
#.......†(..g.(@.(((#
#..###.##....######.#
#..##.#.####.# #.#
##..#.###.###.# #.#
.†...## ##.##.# ...
##..#.###.....# ...
#.....#.###### ...#
#.......# ##.##
##.....#.#


You could see a goblin.

Vanquished Creatures
  2 adders (D:2)
  A gnoll (D:1)
  A worm (D:3)
  A dart slug (D:1)
  3 leopard geckos
  4 bats
  4 giant cockroaches
  4 hobgoblins
  A jackal (D:3)
  10 kobolds
  A quokka (D:2)
  2 ball pythons
  6 frilled lizards
  5 goblins
  6 rats
51 creatures vanquished.

Notes
Turn   | Place    | Note
-------+----------+-------------------------------------------
     0 | D:1      | mhoghedin the Kobold Berserker began the quest for the Orb.
     0 | D:1      | Reached XP level 1. HP: 14/14 MP: 1/1
   108 | D:1      | Reached XP level 2. HP: 19/19 MP: 2/2
   461 | D:1      | Reached XP level 3. HP: 17/23 MP: 3/3
   621 | D:1      | Reached skill level 3 in Maces & Flails
   658 | D:1      | Reached skill level 3 in Dodging
   738 | D:1      | Reached skill level 2 in Armour
  1492 | D:2      | HP: 5/24 [leopard gecko (2)]
  1799 | D:2      | Reached XP level 4. HP: 29/29 MP: 4/4
  2075 | D:2      | Found a basalt altar of Yredelemnul.
  2085 | D:2      | Reached ** piety under Trog
  2118 | D:2      | HP: 7/29 [poisoned by an adder]
  2123 | D:2      | HP: 6/29 [poisoned by an adder]
  3140 | D:3      | HP: 7/29 [jackal (2)]
  3146 | D:3      | Reached skill level 4 in Fighting
  3231 | D:3      | HP: 3/29 [goblin/stone (7)]
  3234 | D:3      | Shot with a stone by a goblin

Vault maps used:
D:1:      scummos_arrival_forest, serial_co_window_serial, co_window_paths_b,
          co_window_paths_b, co_window_corner_a, co_window_paths_a,
          co_window_cross_1, co_window_paths_b, co_window_corner_a,
          co_window_corner_a, co_window_paths_a, co_window_unsneaky_path_a,
          co_window_broadway_a, co_window_unsneaky_path_a, co_window_cross_2,
          co_window_corner_b, glass_columns_c, glass_columns_a, glass_columns_a,
          glass_columns_a, minmay_misc_feat_diagonals, minmay_misc_feat_five,
          st_stairs_4, minmay_strange_pillars
D:2:      grunt_ministairs_6, yredelemnul_altar_generic
D:3:      first_ration

Skill      XL: |  1  2  3  4 |
---------------+-------------+-----
Maces & Flails | 3 |  3.3
Dodging        | 3 |  3.4
Armour         | 2 |  2.2
Fighting       | 4 |  4.0

Action                   |  1- 3 |  4- 6 || total
-------------------------+-------+-------++-------
Melee: Mace              |   100 |    14 ||   114
       Dagger            |       |    55 ||    55
Invok: Berserk           |     1 |     2 ||     3
  Use: Scroll            |     1 |     2 ||     3
 Stab: Sleeping          |     3 |     2 ||     5
  Eat: Chunk             |    10 |     3 ||    13
Armor: Animal skin       |     8 |       ||     8
Dodge: Dodged            |    77 |    67 ||   144

Table legend:
 A = Non-vault XP
 B = Vault XP
 C = Vault XP percentage of total XP
 D = Non-vault monster count
 E = Vault monster count
 F = Vault count percentage of total count
                 A         B        C        D         E       F
            +---------+---------+-------+---------+---------+-------
      Total |      99 |      22 |  18.2 |      46 |       5 |   9.8
            +---------+---------+-------+---------+---------+-------
        D:1 |      56 |       7 |  11.1 |      28 |       3 |   9.7
        D:2 |      31 |      15 |  32.6 |      11 |       2 |  15.4
        D:3 |      12 |       0 |   0.0 |       7 |       0 |   0.0
            +---------+---------+-------+---------+---------+-------

Vault maps used:
D:1:      scummos_arrival_forest, serial_co_window_serial, co_window_paths_b,
          co_window_paths_b, co_window_corner_a, co_window_paths_a,
          co_window_cross_1, co_window_paths_b, co_window_corner_a,
          co_window_corner_a, co_window_paths_a, co_window_unsneaky_path_a,
          co_window_broadway_a, co_window_unsneaky_path_a, co_window_cross_2,
          co_window_corner_b, glass_columns_c, glass_columns_a, glass_columns_a,
          glass_columns_a, minmay_misc_feat_diagonals, minmay_misc_feat_five,
          st_stairs_4, minmay_strange_pillars
D:2:      grunt_ministairs_6, yredelemnul_altar_generic
D:3:      first_ration

Table legend:
 A = Turns spent in this place as a percentage of turns spent in the entire game.
 B = Non-inter-level travel turns spent in this place as a percentage of non-inter-level travel turns spent in the entire game.
 C = Inter-level travel turns spent in this place as a percentage of turns spent in this place.
 D = Turns resting spent in this place as a percentage of non-inter-level travel turns spent in this place.
 E = Turns spent auto-exploring this place as a percentage of non-inter-level travel turns spent in this place.
 F = Non-inter-level travel turns spent in this place divided by the number of levels of this place that you've seen.
                   A       B       C       D       E      F
               +-------+-------+-------+-------+-------+----------------------
         Total | 100.0 | 100.0 |   2.5 |  45.6 |  41.1 | 1051.0
       Dungeon | 100.0 | 100.0 |   2.5 |  45.6 |  41.1 | 1051.0
               +-------+-------+-------+-------+-------+----------------------

Table legend:
 A = Kills in this place as a percentage of kills in entire the game.
 B = Kills by you in this place as a percentage of kills by you in the entire game.
 C = Kills by friends in this place as a percentage of kills by friends in the entire game.
 D = Other kills in this place as a percentage of other kills in the entire game.
 E = Experience gained in this place as a percentage of experience gained in the entire game.
 F = Experience gained in this place divided by the number of levels of this place that you have seen.
                   A       B       C       D       E      F
               +-------+-------+-------+-------+-------+----------------------
         Total | 100.0 | 100.0 |   N/A |   N/A | 100.0 |  40.3
       Dungeon | 100.0 | 100.0 |   N/A |   N/A | 100.0 |  40.3
               +-------+-------+-------+-------+-------+----------------------
